 Dungeon Crawl Stone Soup version 0.25-a0-886-gd7461d2276 (webtiles) character file.

Game seed: 17695897387681422606, levelgen mode: classic

262 EnegeticOcto the Chopper (level 5, 22/46 HPs)
             Began as a Deep Dwarf Fighter on May 2, 2020.
             Quit the game on level 5 of the Dungeon.
             The game lasted 00:03:06 (521 turns).

EnegeticOcto the Chopper (Deep Dwarf Fighter)        Turns: 521, Time: 00:03:06

Health: 22/46      AC:  6    Str: 21    XL:     5   Next: 97%
Magic:  4/4        EV:  8    Int:  8    God:
Gold:   81         SH:  9    Dex: 12    Spells: 4/4 levels left

rFire    + . .     SeeInvis .   g - +1 spear of the Spider {pain, rF+} (curse)
rCold    . . .     Gourm    .   c - +0 kite shield
rNeg     . . .     Faith    .   o - +2 ring mail "Vebuttod" {rPois rCorr}
rPois    +         Spirit   .   (no helmet)
rElec    .         Reflect  .   (no cloak)
rCorr    +         Harm     .   (no gloves)
MR       .....                  p - -2 pair of boots
Stlth    +.........             (no amulet)
HPRegen  0.00/turn              (no ring)
MPRegen  0.09/turn              (no ring)

@: non-regenerating
A: damage resistance, heal wounds, sense surroundings 1, no regeneration
a: Heal Wounds


You were on level 5 of the Dungeon.
You were not hungry.

You visited 1 branch of the dungeon, and saw 5 of its levels.

You collected 81 gold pieces.

Inventory:

Hand Weapons
 a - a +0 war axe
 g - the cursed +1 spear of the Spider (weapon) {pain, rF+}
   (You found it on level 5 of the Dungeon)

   In the hands of one skilled in necromantic magic, it inflicts extra damage on
   living creatures.
   It protects you from fire.
   It has a curse placed upon it.
Armour
 b - a +0 scale mail
 c - a +0 kite shield (worn)
 o - the +2 ring mail "Vebuttod" (worn) {rPois rCorr}
   (You found it on level 4 of the Dungeon)

   It protects you from poison.
   It provides partial protection from all sources of acid and corrosion.
 p - a -2 pair of boots (worn)
Jewellery
 n - an uncursed ring of fire
Scrolls
 f - a scroll of teleportation {@r3 !r}
 h - 2 scrolls of identify {@r1}
Potions
 d - a potion of might {@q3 !q}
 l - a potion of flight
Comestibles
 e - 3 rations
 m - 4 chunks of flesh


   Skills:
 - Level 2.7 Fighting
 + Level 6.9 Axes
 - Level 3.3 Armour
 - Level 3.3 Shields


You had 4 spell levels left.
You didn't know any spells.
Your spell library was empty.

Dungeon Overview and Level Annotations

Branches:
Dungeon (5/15)
 Temple: D:4-7

Altars:
Uskayaw


Innate Abilities, Weirdness & Mutations

You are resistant to damage.
You can heal yourself by infusing magical energy.
You passively map a small area around you.
You do not regenerate.


Message History

n - a ring of fire (left hand)
The rat barely misses you. You block the rat's attack.
You open the door. You block the rat's attack.
You remove your ring of fire.
The rat bites you. The rat bites you but does no damage.
There is an open door here.
Found a stone staircase leading down.
You block the rat's attack.
There is a stone staircase leading down here.
The rat bites you but does no damage.
You climb downwards.
Found a distressingly furry ring mail.
There is a stone staircase leading up here.
You block the rat's attack.
Found 9 gold pieces.
You see here a distressingly furry ring mail.
You closely miss the rat. You block the rat's attack.
You slash the rat!
You kill the rat!
You see here a distressingly furry ring mail.
o - a distressingly furry ring mail You start removing your armour.
You continue taking off your +0 scale mail. x4
You finish taking off your +0 scale mail.
You start putting on your armour.
You continue putting on your distressingly furry ring mail. x5
You finish putting on the +2 ring mail "Vebuttod" {rPois rCorr}.
Found a pair of boots.
A centaur skeleton comes into view.
You see here a pair of boots.
p - a pair of boots The centaur skeleton closely misses you.
You are too injured to fight recklessly!
You are too injured to fight recklessly!
You are too injured to fight recklessly!
You hit the centaur skeleton.
The centaur skeleton is lightly damaged.
You block the centaur skeleton's attack.
You hit the centaur skeleton.
The centaur skeleton is moderately damaged.
The centaur skeleton hits you but does no damage. x2
You hit the centaur skeleton.
The centaur skeleton is moderately damaged.
You block the centaur skeleton's attack. x2
You hit the centaur skeleton.
The centaur skeleton is heavily damaged.
You block the centaur skeleton's attack.
You completely miss the centaur skeleton.
The centaur skeleton is heavily damaged.
The centaur skeleton barely misses you.
You block the centaur skeleton's attack.
You slice the centaur skeleton!!
You destroy the centaur skeleton!
You start putting on your armour.
You continue putting on your pair of boots. x4
You finish putting on your cursed -2 pair of boots.
Oops, that feels deathly cold.
You now have 67 gold pieces (gained 9).
As you read the scroll labeled SEEMOST KURU, it crumbles to dust.
The air around you briefly surges with heat, but it dissipates.
It was a scroll of immolation.
As you read the scroll labeled XOGISY BAGADAB, it crumbles to dust.
You feel strangely unstable.
It was a scroll of teleportation.
As you read the scroll labeled UROEPN VIOZXY, it crumbles to dust.
It is a scroll of amnesia.
You feel forgetful for a moment.
As you read the scroll labeled UMEQOM JUCW, it crumbles to dust.
You feel as if something is helping you.
It was a scroll of remove curse.
Your surroundings suddenly seem different.
As you read the scroll labeled ESUFIF VEUDOCH, it crumbles to dust.
The scroll dissolves into smoke.
It was a scroll of fog.
As you read the scroll labeled GAUSENL GAYPN, it crumbles to dust.
It is a scroll of identify.
l - a potion of flight You open the door.
There is an open door here.
Found a stone staircase leading down.
Found 14 gold pieces.
There is a stone staircase leading down here.
Found 22 sling bullets.
You now have 81 gold pieces (gained 14).
There is a stone staircase leading down here.
You climb downwards.
A jackal comes into view.
The jackal barks!
Found a ration.
There is a stone staircase leading up here.
Found an ebony spear.
You see here an ebony spear.
g - an ebony spear You block the jackal's attack.
You are too injured to fight recklessly!
You have a feeling of ineptitude.
It sticks to your hand!
g - the cursed +1 spear of the Spider (weapon)
{pain, rF+} The jackal barely misses you.
Okay, then.
Are you sure you want to abandon this character and quit the game? (Confirm with "yes".)

,#.......#
#.......#
,#.......#########
,###.............#
+.............#
#.............#
#.............# +
#.............# ,,
#..........h@.# ,
#.............#
,,########......#
, #......# ,
#......# #......#
#......# *
########


You could see a jackal.

Vanquished Creatures
  Sigmund (D:2)
  A centaur skeleton (D:4)
  Natasha (D:2)
  2 adders (D:2)
  3 dart slugs
  2 leopard geckos (D:2)
  2 bats
  A giant cockroach (D:2)
  2 goblins (D:1)
  3 hobgoblins (D:2)
  A quokka (D:2)
  4 frilled lizards
  5 kobolds
  7 rats
35 creatures vanquished.

Notes
Turn   | Place    | Note
-------+----------+-------------------------------------------
     0 | D:1      | EnegeticOcto the Deep Dwarf Fighter began the quest for the
                  | Orb.
     0 | D:1      | Reached XP level 1. HP: 20/20 MP: 1/1
    97 | D:1      | Reached skill level 3 in Axes
    97 | D:1      | Reached XP level 2. HP: 27/27 MP: 2/2
   158 | D:2      | Found a hide-covered altar of Uskayaw.
   164 | D:2      | Noticed Natasha
   174 | D:2      | Noticed a crimson imp
   179 | D:2      | Killed Natasha
   179 | D:2      | Reached skill level 4 in Axes
   179 | D:2      | Reached XP level 3. HP: 22/33 MP: 3/3
   305 | D:2      | Noticed Sigmund
   324 | D:2      | Reached XP level 4. HP: 30/40 MP: 3/3
   328 | D:2      | Killed Sigmund
   328 | D:2      | Reached skill level 6 in Axes
   328 | D:2      | Reached XP level 5. HP: 29/46 MP: 4/4
   430 | D:4      | Got a distressingly furry ring mail
   441 | D:4      | Identified the +2 ring mail "Vebuttod" {rPois rCorr} (You
                  | found it on level 4 of the Dungeon)
   505 | D:5      | Entered Level 5 of the Dungeon
   519 | D:5      | Got an ebony spear
   520 | D:5      | Identified the cursed +1 spear of the Spider {pain, rF+}
                  | (You found it on level 5 of the Dungeon)
   521 | D:5      | Quit the game

Levels and vault maps discovered:
D:1:      minmay_arrival_semitransparent, layout_loops_ring
D:2:      layout_basic, old_standard_altar, first_ration, minmay_tall_x,
          uniq_natasha, uniq_sigmund
D:3:      kennysheep_goblin_castle, layout_loops_corners,
          chequers_serial_rivers_micro_d
D:4:      layout_loops_corners, xom_butterflies, temple_doors_ab, uniq_grinder
D:5:      layout_gridville, chequers_serial_rivers_micro_a, uniq_edmund

Skill      XL: |  1  2  3  4 |
---------------+-------------+-----
Axes           | 3 4 6 |  6.9
Fighting       | |  2.7
Armour         | |  3.3
Shields        | |  3.3

Action                   |  1- 3 |  4- 6 || total
-------------------------+-------+-------++-------
Melee: War axe           |    68 |    16 ||    84
 Abil: Heal Wounds       |     4 |     2 ||     6
  Use: Scroll            |       |     6 ||     6
Armor: Scale mail        |    89 |     8 ||    97
       Ring mail         |       |     2 ||     2
Dodge: Dodged            |    45 |    10 ||    55
Block: Kite shield       |    80 |    19 ||    99

Table legend:
 A = Non-vault XP
 B = Vault XP
 C = Vault XP percentage of total XP
 D = Non-vault monster count
 E = Vault monster count
 F = Vault count percentage of total count
                 A         B        C        D         E       F
            +---------+---------+-------+---------+---------+-------
      Total |     107 |     268 |  71.5 |      29 |       6 |  17.1
            +---------+---------+-------+---------+---------+-------
        D:1 |      18 |       0 |   0.0 |       9 |       0 |   0.0
        D:2 |      49 |     268 |  84.5 |      17 |       6 |  26.1
        D:3 |       2 |       0 |   0.0 |       1 |       0 |   0.0
        D:4 |      38 |       0 |   0.0 |       2 |       0 |   0.0
            +---------+---------+-------+---------+---------+-------
